 Dungeon Crawl Stone Soup version 0.30-a0-137-gd8773701ce (webtiles) character file.

Game seed: 11575364757137126996

2435 wilfster70 the Fighter (level 9, -7/72 HPs)
             Began as a Djinni Conjurer on Sept 21, 2022.
             Was an Initiate of Makhleb.
             Mangled by a cyclops (31 damage)
             ... on level 7 of the Dungeon on Sept 22, 2022.
             The game lasted 00:24:53 (9151 turns).

wilfster70 the Fighter (Djinni Conjurer)            Turns: 9151, Time: 00:24:53

Health: -7/72      AC:  5    Str:  6    XL:     9   Next: 77%
Gold:   376        EV: 11    Int: 24    God:    Makhleb [......] SH:  7 Dex: 12

rFire   + + .      SeeInvis .    a - +1 dagger
rCold   . . .      Faith    .    u - +2 buckler
rNeg    + . .      Spirit   .    q - +2 robe of the Spider Nest {rC+}
rPois   ∞          Reflect  .    c - +0 helmet
rElec   .          Harm     .    (no cloak)
rCorr   .          Rampage  .    (no gloves)
Will    +....                    (boots unavailable)
Stlth   ++........               (no amulet)
HPRegen 0.22/turn                b - ring of positive energy
MPRegen 0.00/turn                y - ring of willpower

@: flying
A: sickness immunity, fire resistance 2, cold vulnerability 1, float, innate
caster, HP casting, extra vitality 1
a: Renounce Religion


You were on level 7 of the Dungeon.
You worshipped Makhleb.
Makhleb was noncommittal.
You visited 2 branches of the dungeon, and saw 9 of its levels.

You collected 376 gold pieces.

Inventory:

Hand Weapons
 a - a +1 dagger (weapon)
Missiles
 d - 8 poisoned darts
 l - 2 throwing nets
Armour
 c - a +0 helmet (worn)
 q - the +2 robe of the Spider Nest (worn) {rC+}
   (You acquired it on level 5 of the Dungeon)

   rC:        It protects you from cold.
 u - a +2 buckler (worn)
Jewellery
 b - a ring of positive energy (left hand)
 x - a ring of willpower
 y - a ring of willpower (right hand)
Wands
 h - a wand of light (2)
 p - a wand of charming (7)
 z - a wand of mindburst (11)
Scrolls
 f - a scroll of poison {unknown}
 k - 4 scrolls of fog
 s - a scroll of enchant weapon
 v - a scroll of teleportation {unknown}
 w - a scroll of blinking {unknown}
Potions
 e - a potion of resistance
 g - 2 potions of heal wounds
 i - a potion of might
 j - 3 potions of curing
 m - 2 potions of cancellation
 n - 3 potions of mutation
 o - 3 potions of haste {unknown}
 r - a potion of magic {unknown}
 t - a potion of lignification


   Skills:
 + Level 9.2 Fighting
 - Level 2.1 Dodging
 - Level 1.5 Stealth
 - Level 4.0 Shields
 - Level 6.0 Spellcasting
 + Level 3.0 Invocations


You couldn't memorise any spells.
You knew the following spells:

 Your Spells              Type           Power      Damage    Failure   Level
a - Magic Dart            Conj           100%       1d8       1%          1
b - Searing Ray           Conj           72%        2d7       1%          2
c - Dazzling Flash        Conj/Hex       72%        N/A       2%          3
d - Fulminant Prism       Conj/Hex       18%        3d11      9%          4
e - Iskenderun's Mystic   Conj/Tloc      36%        2d9       9%          4
f - Necrotise             Necr           100%       1d9       1%          1
g - Scorch                Fire           72%        2d8       1%          2
h - Tukima's Dance        Hex            36%        N/A       2%          3
i - Portal Projectile     Hex/Tloc       72%        N/A       2%          3
Your spell library was empty.

Dungeon Overview and Level Annotations

Branches:
Dungeon (8/15)             Temple (1/1) D:7
   Lair: D:8-11

Altars:
Ashenzari
Cheibriados
Dithmenos
Hepliaklqana
Makhleb
Nemelex Xobeh
Qazlal
Ru
Uskayaw
Xom
Yredelemnul
The Shining One

Annotations:
D:3 3 runed translucent doors, Lugonue's ghost, amateur TeFi


Innate Abilities, Weirdness & Mutations

You are immune to sickness and miasma.
You are immune to poison.
Your flesh is very heat resistant. (rF++)
You are vulnerable to cold. (rC-)
You float through the air rather than walking.
You learn spells naturally, not from books.
Your magical power is your life essence.
You have superior vitality. (+4 MHP)


Message History

The cyclops is lightly wounded.
The cyclops is knocked back by the mystic blast.
The cyclops slams into the rock wall!
Your Invocations skill increases to level 3!
Casting: Iskenderun's Mystic Blast (dangerous; 9% risk of failure)
Confirm with . or Enter, or press ? or * to list all spells.
You erupt in a blast of force!
The mystic blast hits the cyclops.
The cyclops is moderately wounded.
The cyclops is knocked back by the mystic blast.
The cyclops slams into the rock wall!
The cyclops is moderately wounded.
Casting: Iskenderun's Mystic Blast (dangerous; 9% risk of failure)
Confirm with . or Enter, or press ? or * to list all spells.
You erupt in a blast of force!
The mystic blast hits the cyclops!
The cyclops is heavily wounded.
The cyclops is knocked back by the mystic blast.
The cyclops slams into the rock wall!
Casting: Iskenderun's Mystic Blast (dangerous; 9% risk of failure)
Confirm with . or Enter, or press ? or * to list all spells.
You erupt in a blast of force!
The mystic blast hits the cyclops but does no damage.
The cyclops is heavily wounded.
Casting: Iskenderun's Mystic Blast (dangerous; 9% risk of failure)
Confirm with . or Enter, or press ? or * to list all spells.
You erupt in a blast of force!
The mystic blast hits the cyclops.
The cyclops is heavily wounded.
The cyclops hits you!!
Casting: Iskenderun's Mystic Blast (dangerous; 9% risk of failure)
Confirm with . or Enter, or press ? or * to list all spells.
You erupt in a blast of force!
The mystic blast hits the cyclops!
The cyclops is severely wounded.
The cyclops is knocked back by the mystic blast.
The cyclops slams into the rock wall!
The cyclops is severely wounded.
Casting: Iskenderun's Mystic Blast (dangerous; 9% risk of failure)
Confirm with . or Enter, or press ? or * to list all spells.
You erupt in a blast of force!
The mystic blast hits the cyclops!
The cyclops is almost dead.
The cyclops hits you!!
You die...

.#.############.##....#.#.##.##..
...# #.##.##.........##. #..##
#.##.##.###.[#..#..
#...###########..#.##.####.#.....
#..........................:.....
.....#############.....###.#.#...
###...############.....###.#.###.
........)[.)...)C...........>.##.
###.#....#####..@(.##).###..#....
#........## #.###.##...###.####.
#......#..###.# #.##.#.###.###..
#......>...#..# #.##.#......##.#
#......#.....## #.##.####...##.#
########....## #.##.# #...#..#
#....##..####.##.# #.....#.
###.######.........## #....##.
####...# ###........###...###.


You could see a cyclops.

Vanquished Creatures
  Maggie (D:7)
  Grinder (D:4)
  A water moccasin (D:6)
  A black bear (D:7)
  3 ogres
  A phantom (D:5)
  A bullfrog (D:8)
  A necrophage (D:6)
  A gnoll sergeant (D:8)
  4 scorpions
  2 howler monkeys (D:7)
  2 hounds (D:5)
  4 orc priests
  2 gnoll boudas
  2 jellies
  3 orc wizards
  2 iguanas
  22 gnolls
  6 adders
  4 white imps
  A worm (D:5)
  25 orcs
  6 ball pythons
  8 endoplasms
  2 giant cockroaches
  4 goblins
  9 hobgoblins
  15 jackals
  3 kobolds
  2 quokkas
  6 bats
  2 frilled lizards
  2 rats
149 creatures vanquished.

Vanquished Creatures (collateral kills)
  A centaur (D:7)
  An orc wizard (D:6)
  2 orcs
4 creatures vanquished.

Vanquished Creatures (others)
  A dancing weapon (D:6)
  A demonic plant (D:2)
  17 fulminant prisms
  2 withered plants (D:2)
21 creatures vanquished.

Grand Total: 174 creatures vanquished

Notes
Turn   | Place    | Note
-------+----------+-------------------------------------------
     0 | D:1      | wilfster70 the Djinni Conjurer began the quest for the Orb.
     0 | D:1      | wilfster70 set off with the following spells memorised:
                  | Magic Dart, Searing Ray, Dazzling Flash, Fulminant Prism,
                  | Iskenderun's Mystic Blast.
     0 | D:1      | Reached XP level 1. HP: 15/15 MP: 0/0
   377 | D:1      | Reached XP level 2. HP: 20/22 MP: 0/0
   380 | D:1      | Reached skill level 1 in Fighting
   546 | D:1      | Reached XP level 3. HP: 8/27 MP: 0/0
   546 | D:1      | Learned a level 1 spell: Necrotise
  1235 | D:1      | Reached skill level 2 in Fighting
  1357 | D:2      | Reached XP level 4. HP: 27/33 MP: 0/0
  1634 | D:2      | Found a faded altar of an unknown god.
  1716 | D:2      | Reached XP level 5. HP: 32/40 MP: 0/0
  1716 | D:2      | Learned a level 2 spell: Scorch
  1968 | D:2      | Reached skill level 3 in Fighting
  2363 | D:2      | Found a basalt altar of Yredelemnul.
  2768 | D:3      | HP: 1/40 [orc priest/+0 trident (6)]
  3300 | D:3      | Reached XP level 6. HP: 17/46 MP: 0/0
  3642 | D:3      | Found a runed translucent gate.
  3642 | D:3      | Found a runed translucent gate.
  3642 | D:3      | Found a runed translucent gate.
  3643 | D:3      | Noticed Lugonue's ghost (amateur TeFi)
  4010 | D:3      | Reached skill level 4 in Fighting
  4269 | D:4      | Noticed Grinder
  4272 | D:4      | Paralysed by Grinder for 2 turns
  4275 | D:4      | Paralysed by Grinder for 4 turns
  4289 | D:4      | Killed Grinder
  4290 | D:4      | Reached skill level 5 in Spellcasting
  4290 | D:4      | Reached XP level 7. HP: 10/53 MP: 0/0
  4290 | D:4      | Learned a level 3 spell: Tukima's Dance
  4609 | D:3      | Reached skill level 5 in Fighting
  4985 | D:4      | Found a hide-covered altar of Uskayaw.
  5482 | D:5      | Entered Level 5 of the Dungeon
  5498 | D:5      | Found a shimmering altar of Xom.
  5577 | D:5      | Reached XP level 8. HP: 24/60 MP: 0/0
  5831 | D:5      | Identified a scroll of acquirement
  5831 | D:5      | Acquired the +2 robe of the Spider Nest {rC+}
  6092 | D:5      | Reached skill level 6 in Fighting
  6561 | D:6      | Reached skill level 1 in Shields
  6772 | D:6      | Reached skill level 7 in Fighting
  7057 | D:6      | Reached XP level 9. HP: 49/68 MP: 0/0
  7057 | D:6      | Learned a level 3 spell: Portal Projectile
  7828 | D:7      | Found a staircase to the Ecumenical Temple.
  7838 | Temple   | Entered the Ecumenical Temple
  7848 | Temple   | Became a worshipper of Makhleb the Destroyer
  7894 | D:7      | Reached skill level 8 in Fighting
  8389 | D:7      | Reached skill level 1 in Invocations
  8458 | D:7      | Noticed Maggie
  8475 | D:7      | Killed Maggie
  8476 | D:7      | Reached skill level 9 in Fighting
  8799 | D:8      | Noticed a cyclops
  8819 | D:8      | HP: 1/72 [cyclops/large rock (24)]
  9151 | D:7      | Mangled by a cyclops

Illustrated notes

Levels and vault maps discovered:
D:1:      psy_arrival_dodecagon, layout_basic
D:2:      minmay_evil_eye, layout_basic, shapermc_ecumenical_altar_gd,
          basic_altar
D:3:      layout_rooms, ebering_ghost_rock_garden, kennysheep_donut,
          minmay_misc_feat_iff
D:4:      layout_cave_pools, general_overflow_altar, uniq_grinder
D:5:      layout_gridville, lemuel_crystal_altar
D:6:      layout_loops_ring
D:7:      layout_rooms, minmay_temple_entry_glassed_door, uniq_maggie
D:8:      layout_cave_pools, serial_gnoll_camp, gnoll_camp_huts_moat,
          gnoll_camp_mini_loothouse, gnoll_camp_mini_basic,
          gnoll_camp_mini_basic, gnoll_camp_medium_01, dk_noncrumbling_2
Temple:   nicolae_temple_two_arcs

Skill      XL: |  1  2  3  4  5  6  7  8  9 |
---------------+----------------------------+-----
Fighting       | 1 2 3 4 5 7 9 |  9.2
Spellcasting   | 4 5 6 |  6.0
Shields        | 2 4 |  4.0
Invocations    | 3 |  3.0
Dodging        | |  2.1
Stealth        | |  1.5

Action                   |  1- 3 |  4- 6 |  7- 9 || total
-------------------------+-------+-------+-------++-------
Melee: Dagger            |       |    12 |       ||    12
       Punch             |       |     1 |       ||     1
 Cast: Magic Dart        |    38 |    26 |     5 ||    69
       Searing Ray       |     4 |    36 |    73 ||   113
       Scorch            |       |    19 |     2 ||    21
       Tukima's Dance    |       |       |    13 ||    13
       Iskenderun's Myst |       |       |    16 ||    16
       Fulminant Prism   |       |       |    17 ||    17
  Use: Scroll            |     1 |     5 |     7 ||    13
       Potion            |       |     2 |       ||     2
Armor: Robe              |     2 |     9 |    20 ||    31
Dodge: Dodged            |     4 |    25 |    59 ||    88
Block: Buckler           |       |       |    17 ||    17

Table legend: (Time is in decaauts)
 A = Elapsed time spent in this place.
 B = Non-inter-level travel time spent in this place.
 C = Inter-level travel time spent in this place.
 D = Time resting spent in this place.
 E = Time spent auto-exploring this place.
 F = Levels seen in this place.
 G = Mean time per level.
                   A        B        C        D        E       F      G
               +--------+--------+--------+--------+--------+-----+--------+
         Total |   9159 |   8969 |    190 |   4016 |   2558 |   9 | 1017.7 |
       Dungeon |   9141 |   8959 |    182 |   4016 |   2558 |   8 | 1142.6 |
        Temple |     18 |     10 |      8 |      0 |      0 |   1 |   18.0 |
               +--------+--------+--------+--------+--------+-----+--------+

Top non-repeatable levels by time:
     D:2: 1629 daAuts
     D:3: 1582 daAuts
     D:1: 1496 daAuts
     D:7: 1459 daAuts
     D:6: 1121 daAuts
     D:5: 997 daAuts
     D:4: 781 daAuts
     D:8: 73 daAuts
  Temple: 18 daAuts
